 Dungeon Crawl Stone Soup version 0.30-a0-881-g1ff12e1e11 (webtiles) character file.

Game seed: 12721519442040467350

102 demibob the Cudgeller (level 4, 0/37 HPs)
             Began as a Hill Orc Wanderer on Mar 14, 2023.
             Succumbed to an adder's poison
             ... on level 3 of the Dungeon.
             The game lasted 00:03:55 (2384 turns).

demibob the Cudgeller (Hill Orc Wanderer)           Turns: 2384, Time: 00:03:56

Health: 0/37       AC:  5    Str: 16    XL:     4   Next: 78%
Magic:  5/5        EV: 11    Int:  9    God:
Gold:   131        SH:  0    Dex: 13    Spells: 4/5 levels left

rFire   . . .      SeeInvis .    f - +0 mace
rCold   . . .      Faith    .    (no shield)
rNeg    . . .      Spirit   .    n - +0 ring mail
rPois   .          Reflect  .    (no helmet)
rElec   .          Rampage  .    (no cloak)
rCorr   .                        (no gloves)
Will    .....                    (no boots)
Stlth   +                        (no amulet)
HPRegen 0.26/turn                (no ring)
MPRegen 0.09/turn                (no ring)

@: lethally poisoned (0 -> -1), on berserk cooldown, slowed, very slow
A: no striking features
a: no special abilities


You were on level 3 of the Dungeon.
You visited 1 branch of the dungeon, and saw 3 of its levels.

You collected 131 gold pieces.


   Skills:
 - Level 2.4 Fighting
 * Level 4.3 Maces & Flails
 + Level 1.3 Armour
 - Level 1.5 Dodging
 - Level 1.0 Spellcasting
 - Level 3.0 Hexes
 - Level 1.2 Invocations
 - Level 1.0 Evocations


You had 4 spell levels left.
You knew the following spells:

 Your Spells              Type           Power      Damage    Failure   Level
s - Slow                  Hex            20%        N/A       21%         1

Your spell library contained the following spells:

 Spells                   Type           Power      Damage    Failure   Level
 Ensorcelled Hibernation  Hex/Ice        6%         N/A       50%         2
 Portal Projectile        Hex/Tloc       6%         N/A       75%         3
 Call Canine Familiar     Summ           0%         N/A       91%         3
 Gell's Gravitas          Tloc           0%         N/A       91%         3
 Teleport Other           Tloc           0%         N/A       91%         3
 Fulminant Prism          Conj/Hex       1%         3d5       98%         4
 Leda's Liquefaction      Hex/Erth       1%         N/A       98%         4
 Dispersal                Tloc           0%         N/A       100%        6

Inventory:

Hand Weapons
 a - a +0 club of flaming
 f - a +0 mace (weapon)
Armour
 d - a +0 leather armour
 n - a +0 ring mail (worn)
 o - a +0 cloak
Magical Staves
 i - a staff of cold {!a}
Jewellery
 j - an amulet of magic regeneration
Scrolls
 e - 2 scrolls of teleportation {@r2}
 g - a scroll of summoning
 q - a scroll of identify {@r1}
 s - a scroll of fear {unknown}
Potions
 c - a potion of invisibility {unknown}
 k - a potion of haste {unknown}
 l - a potion of ambrosia {unknown}
 m - a potion of cancellation {unknown}
 p - a potion of attraction {unknown}
 r - a potion of berserk rage {!q}

Dungeon Overview and Level Annotations

Branches:
Dungeon (3/15)

Altars:
Gozag

Shops:
D:2

= ..
#.#.....#####........# ..
#.#####....##).......#
#.# ####...####...... #.#
####...########. #..
..............# #
###############.#####.#.#
...................#.###
......######..######.#..
......)@.............#.#
......#.................
..... #.#######....###.#
.#.. #.# #######...... #.
#.####........>(## #
#.##.......#.#####
#.##.......#.# ##
#.##.......#.# #.
#.##.......#.####.


There were no monsters in sight!


Message History

* * * LOW HITPOINT WARNING * * *
You are lethally poisoned!
The adder poisons you!
You miss the adder.
The adder is almost dead.
* * * LOW HITPOINT WARNING * * *
You feel sick. The adder closely misses you. x2
Unknown command.
You hit the adder.
You kill the adder!
* * * LOW HITPOINT WARNING * * *
You feel sick.
Unknown command.
It was a potion of berserk rage.
A red film seems to cover your vision as you go berserk!
You feel yourself moving faster!
You feel mighty!
* * * LOW HITPOINT WARNING * * *
You feel sick.
You are too berserk!
You feel a strong urge to attack something.
* * * LOW HITPOINT WARNING * * *
You feel sick.
* * * LOW HITPOINT WARNING * * *
You feel sick.
You feel your anger nearly subside.
You start resting.
You are no longer berserk.
You are exhausted.
You feel yourself slow down.
You die...

Skill      XL: |  1  2  3  4 |
---------------+-------------+-----
Maces & Flails | 1 2 3 4 |  4.3
Armour         | 1 |  1.3
Fighting       | |  2.4
Dodging        | |  1.5
Spellcasting   | |  1.0
Hexes          | |  3.0
Invocations    | |  1.2
Evocations     | |  1.0

Action                     |  1- 3 |  4- 6 || total
---------------------------+-------+-------++-------
  Melee: Club              |   153 |       ||   153
         Punch             |     3 |       ||     3
         Mace              |    32 |    43 ||    75
   Cast: Slow              |     3 |       ||     3
  Evoke: Wand              |       |     5 ||     5
    Use: Potion            |     1 |     3 ||     4
         Scroll            |     5 |       ||     5
   Stab: Sleeping          |     2 |       ||     2
 Armour: Leather armour    |    58 |       ||    58
         Ring mail         |     2 |    19 ||    21
  Dodge: Dodged            |   111 |    24 ||   135

Levels and vault maps discovered:
D:1:      dpeg_arrival_water_temple_mockup, layout_loops_ring,
          serial_bayou_crossing
D:2:      layout_rooms, serial_shops, shop, basic_ecumenical_altar,
          nicolae_eternal_life, minmay_misc_feat_room
D:3:      layout_basic, grunt_gozag_statues, uniq_terence

Notes
Turn   | Place    | Note
-------+----------+-------------------------------------------
     0 | D:1      | demibob the Hill Orc Wanderer began the quest for the Orb.
     0 | D:1      | demibob set off with the following items: a +0 club, a wand
                  | of flame (5), a potion of heal wounds {@q2}, a +0 leather
                  | armour, a scroll of teleportation {@r2}; and the following
                  | spell memorised: Slow; and the following spells available
                  | to memorise: Ensorcelled Hibernation, Fulminant Prism.
     0 | D:1      | Reached XP level 1. HP: 18/18 MP: 2/2
   111 | D:1      | Reached skill level 1 in Maces & Flails
   289 | D:1      | Reached XP level 2. HP: 21/25 MP: 3/3
   420 | D:1      | Reached skill level 2 in Maces & Flails
   875 | D:1      | Reached XP level 3. HP: 15/30 MP: 4/4
   895 | D:1      | Reached skill level 3 in Maces & Flails
  1158 | D:2      | Found a faded altar of an unknown god.
  1315 | D:2      | Found Seat's Jewellery Emporium.
  1969 | D:3      | Reached XP level 4. HP: 33/37 MP: 5/5
  2269 | D:3      | Found an opulent altar of Gozag.
  2352 | D:3      | Noticed Terence
  2372 | D:3      | Killed Terence
  2373 | D:3      | Reached skill level 4 in Maces & Flails
  2373 | D:3      | Reached skill level 1 in Armour
  2378 | D:3      | HP: 3/37 [poisoned by an adder]
  2382 | D:3      | HP: 1/55 [poisoned by an adder]
  2384 | D:3      | Succumbed to an adder's poison

Vanquished Creatures
  Terence (D:3)
  2 adders (D:3)
  An orc (D:3)
  3 bats
  5 endoplasms
  2 giant cockroaches
  7 goblins
  2 hobgoblins (D:1)
  8 jackals
  3 quokkas
  3 ball pythons
  5 frilled lizards
  4 kobolds (D:1)
  5 rats
51 creatures vanquished.

Table legend: (Time is in decaauts)
 A = Elapsed time spent in this place.
 B = Non-inter-level travel time spent in this place.
 C = Inter-level travel time spent in this place.
 D = Time resting spent in this place.
 E = Time spent auto-exploring this place.
 F = Levels seen in this place.
 G = Mean time per level.
                   A        B        C        D        E       F      G
               +--------+--------+--------+--------+--------+-----+--------+
         Total |   2437 |   2316 |    121 |      0 |   1837 |   3 |  812.3 |
       Dungeon |   2437 |   2316 |    121 |      0 |   1837 |   3 |  812.3 |
               +--------+--------+--------+--------+--------+-----+--------+

Top non-repeatable levels by time:
     D:1: 1199 daAuts
     D:2: 760 daAuts
     D:3: 476 daAuts

Table legend:
 A = Non-vault XP
 B = Vault XP
 C = Vault XP percentage of total XP
 D = Non-vault monster count
 E = Vault monster count
 F = Vault count percentage of total count
                 A         B        C        D         E       F
            +---------+---------+-------+---------+---------+-------
      Total |     111 |      36 |  24.5 |      50 |       1 |   2.0
            +---------+---------+-------+---------+---------+-------
        D:1 |      42 |       0 |   0.0 |      24 |       0 |   0.0
        D:2 |      25 |       0 |   0.0 |      15 |       0 |   0.0
        D:3 |      44 |      36 |  45.0 |      11 |       1 |   8.3
            +---------+---------+-------+---------+---------+-------
